 Dungeon Crawl Stone Soup version 0.28.0 (webtiles) character file.

Game seed: 7225206018699999299

1250 GenialerGandalf the Cleaver (level 8, -3/70 HPs)
             Began as a Hill Orc Fighter on Feb 10, 2022.
             Was an Initiate of Beogh.
             Killed by divine providence
             ... invoked by an orc priest
              (14 damage)
             ... on level 6 of the Dungeon on Feb 12, 2022.
             The game lasted 00:23:21 (6214 turns).

GenialerGandalf the Cleaver (Hill Orc Fighter)      Turns: 6214, Time: 00:23:22

Health: -3/70      AC: 12    Str: 21    XL:     8   Next: 50%
Magic:  8/9        EV: 10    Int:  8    God:    Beogh [......]
Gold:   85         SH:  4    Dex: 10    Spells: 7/7 levels left

rFire   . . .      SeeInvis +   a - +0 war axe
rCold   . . .      Faith    .   c - +0 buckler
rNeg    . . .      Spirit   .   b - +0 scale mail
rPois   .          Reflect  .   (no helmet)
rElec   .          Harm     .   (no cloak)
rCorr   .          Rampage  .   g - +0 pair of gloves
Will    .....                   t - +2 pair of boots
Stlth   ..........              (no amulet)
HPRegen 0.21/turn               B - ring of see invisible
MPRegen 0.11/turn               (no ring)

@: mighty
A: no striking features
a: Renounce Religion


You were on level 6 of the Dungeon.
You worshipped Beogh.
Beogh was noncommittal.
You visited 1 branch of the dungeon, and saw 6 of its levels.

You collected 316 gold pieces.
You spent 231 gold pieces at shops.

Inventory:

Hand Weapons
 a - a +0 war axe (weapon)
 o - a +0 executioner's axe
 x - a +2 hand axe of flaming
Armour
 b - a +0 scale mail (worn)
 c - a +0 buckler (worn)
 e - an orb of mayhem
 g - a +0 pair of gloves (worn)
 t - a +2 pair of boots (worn)
Jewellery
 B - a ring of see invisible (left hand)
Wands
 m - a wand of mindburst (10)
 w - a wand of iceblast (16)
Scrolls
 h - a scroll of enchant weapon {unknown}
 i - 2 scrolls of magic mapping
 j - a scroll of immolation
 k - a scroll of vulnerability
 r - 3 scrolls of teleportation
 s - a scroll of holy word
 u - a scroll of silence
 y - a scroll of amnesia {unknown}
 A - a scroll of enchant armour
 C - a scroll of blinking {unknown}
Potions
 d - a potion of ambrosia {unknown}
 f - 2 potions of flight
 l - 3 potions of attraction
 n - a potion of lignification
 p - a potion of heal wounds
 q - a potion of might
 v - a potion of berserk rage {unknown}
 z - a potion of cancellation {unknown}


   Skills:
 * Level 6.0 Fighting
 + Level 8.7 Axes
 + Level 5.6 Armour
 + Level 2.2 Dodging
 * Level 4.9 Shields
 * Level 2.2 Invocations


You had 7 spell levels left.
You didn't know any spells.
Your spell library contained the following spells:

 Spells                   Type           Power      Damage    Failure   Level
 Animate Skeleton         Necr           0%         N/A       82%         1
 Apportation              Tloc           0%         N/A       82%         1
 Slow                     Hex            0%         N/A       82%         1
 Summon Small Mammal      Summ           0%         N/A       82%         1
 Blink                    Tloc           0%         N/A       91%         2
 Static Discharge         Conj/Air       0%         N/A       91%         2
 Confusing Touch          Hex            0%         N/A       99%         3
 Conjure Flame            Conj/Fire      0%         6-21      99%         3
 Ignite Poison            Fire/Tmut/Pois 0%         N/A       99%         3
 Inner Flame              Hex/Fire       0%         N/A       99%         3
 Lesser Beckoning         Tloc           0%         N/A       99%         3
 Vampiric Draining        Necr           0%         2d6       99%         3
 Cause Fear               Hex            0%         N/A       100%        4
 Sticky Flame             Conj/Fire      0%         2d3       100%        4
 Alistair's Intoxication  Tmut/Pois      0%         N/A       100%        5
 Lightning Bolt           Conj/Air       0%         1d11      100%        5
 Manifold Assault         Tloc           0%         N/A       100%        5
 Discord                  Hex            0%         N/A       100%        8
 Maxwell's Capacitive Co  Air            0%         ∞         100%        8


Dungeon Overview and Level Annotations

Branches:
Dungeon (6/15)             Temple (0/1) D:5

Altars:
Cheibriados
Dithmenos
Gozag
Hepliaklqana
Makhleb
Okawaru
Ru
Sif Muna

Shops:
D:5 ?*

Annotations:
D:4 2 transporters, Akaron's ghost, amateur OpEE


Message History

The bolt of fire misses you.
An orc priest comes into view. It is wielding a +0 club.
Maggie hits you but does no damage.
The orc priest shouts!
You slice Maggie!!
Maggie is almost dead.
You block Maggie's attack.
You hit Maggie.
You are no longer entranced.
You kill Maggie!
Beogh accepts your kill.
Your Fighting skill increases to level 6!
Your Invocations skill increases to level 2!
You closely miss the orc.
An orc comes into view. It is wielding a +0 hand axe.
The orc barely misses you.
You slash the orc!
You kill the orc!
Beogh accepts your kill.
You slash the orc warrior!
The orc warrior is moderately wounded.
The orc warrior hits you with a +0 scimitar.
The orc priest calls upon Beogh to heal the orc warrior.
The orc warrior is healed somewhat.
You closely miss the orc warrior.
The orc warrior is lightly wounded.
The orc warrior hits you with a +0 scimitar.
* * * LOW HITPOINT WARNING * * *
The orc warrior hits you with a +0 scimitar.
* * * LOW HITPOINT WARNING * * *
You slash the orc warrior!
The orc warrior is heavily wounded.
The orc priest calls upon Beogh to heal the orc warrior.
The orc warrior is healed somewhat.
The orc warrior hits you with a +0 scimitar.
* * * LOW HITPOINT WARNING * * *
The orc priest mumbles some strange prayers to Beogh against you.
Beogh smites you!
You die...
Beogh appreciates the orc priest's killing of a heretic priest.

........ ........ .....o..
........ #...8@.. ........
###...... $....... #.#.....
........ ####...#####
...8.....
##.....o##..##............
##...###oo@................
.#......#.###...............
......#...### ............#.#
#.#........## ....>.......#..
#.....###...###.............#.
...... ##.................##.
..### ##.................## ..
#.# ###...............#.
..........##...#.###..........


You could see an orc warrior, an orc priest and an orc.

Vanquished Creatures
  Maggie (D:6)
  Menkaure (D:6)
  Duvessa (D:6)
  A necrophage (D:6)
  Blork the orc (D:5)
  A scorpion (D:5)
  A water moccasin skeleton (D:6)
  Dowan (D:6)
  2 bullfrog zombies
  2 hounds
  Jessica (D:2)
  A bullfrog skeleton (D:6)
  An iguana (D:5)
  An orc wizard (D:6)
  A mummy (D:3)
  3 gnolls (D:5)
  7 adders
  A shadow imp (D:5)
  2 white imps (D:5)
  An ufetubus (D:6)
  An adder skeleton (D:4)
  3 dart slugs
  9 orcs
  5 ball pythons
  5 bats
  11 endoplasms
  4 giant cockroaches
  8 goblins
  8 hobgoblins
  6 kobolds
  5 quokkas
  4 rats
  3 bushes (D:4)
103 creatures vanquished.

Notes
Turn   | Place    | Note
-------+----------+-------------------------------------------
     0 | D:1      | GenialerGandalf the Hill Orc Fighter began the quest for
                  | the Orb.
     0 | D:1      | Reached XP level 1. HP: 19/19 MP: 1/1
   125 | D:1      | Reached XP level 2. HP: 25/27 MP: 2/2
   301 | D:1      | Found a faded altar of an unknown god.
   376 | D:1      | Reached skill level 3 in Axes
   602 | D:1      | Reached XP level 3. HP: 28/33 MP: 3/3
   854 | D:2      | Noticed Jessica
   860 | D:2      | Killed Jessica
  1183 | D:2      | Reached XP level 4. HP: 40/40 MP: 4/4
  1457 | D:2      | Reached skill level 4 in Axes
  2206 | D:3      | Reached skill level 1 in Dodging
  2206 | D:3      | Reached XP level 5. HP: 39/47 MP: 5/5
  2297 | D:3      | Found a snail-covered altar of Cheibriados.
  3079 | D:4      | Found a transporter.
  3082 | D:4      | Noticed Akaron's ghost (amateur OpEE)
  3088 | D:4      | Found a transporter.
  3178 | D:4      | Reached skill level 5 in Axes
  3943 | D:4      | Reached XP level 6. HP: 53/53 MP: 6/6
  4029 | D:5      | Entered Level 5 of the Dungeon
  4267 | D:5      | Noticed Blork the orc
  4279 | D:5      | Killed Blork the orc
  4280 | D:5      | Reached skill level 6 in Axes
  4387 | D:5      | Found Itifau's Lightly-Used Armoury.
  4546 | D:5      | Found a staircase to the Ecumenical Temple.
  4573 | D:5      | Reached XP level 7. HP: 29/60 MP: 7/7
  4809 | D:5      | Reached skill level 5 in Fighting
  5156 | D:5      | Found Wiujauq's Magic Scroll Shoppe.
  5160 | D:5      | Bought a scroll of identify for 28 gold pieces
  5160 | D:5      | Bought a scroll of identify for 28 gold pieces
  5160 | D:5      | Bought a scroll of enchant armour for 105 gold pieces
  5160 | D:5      | Bought a scroll of teleportation for 42 gold pieces
  5160 | D:5      | Bought a scroll of identify for 28 gold pieces
  5267 | D:5      | Found a hazy altar of Hepliaklqana.
  5283 | D:5      | Found a shadowy altar of Dithmenos.
  5291 | D:5      | Found a shimmering blue altar of Sif Muna.
  5296 | D:5      | Found an opulent altar of Gozag.
  5302 | D:5      | Found a burning altar of Makhleb.
  5306 | D:5      | Found an iron altar of Okawaru.
  5549 | D:6      | Reached skill level 7 in Axes
  5561 | D:6      | Found a sacrificial altar of Ru.
  5573 | D:6      | Noticed Menkaure
  5578 | D:6      | Noticed Dowan
  5579 | D:6      | Noticed Duvessa
  5590 | D:6      | Killed Menkaure
  5591 | D:6      | Reached skill level 5 in Armour
  5591 | D:6      | Killed Duvessa
  5598 | D:6      | HP: 1/61 [Dowan/shard of ice (23)]
  5600 | D:6      | Killed Dowan
  5875 | D:6      | Became a worshipper of Beogh the Brigand
  5884 | D:6      | Reached skill level 8 in Axes
  5884 | D:6      | Reached XP level 8. HP: 69/69 MP: 8/8
  6067 | D:6      | Reached skill level 1 in Invocations
  6185 | D:6      | Noticed Maggie
  6209 | D:6      | Killed Maggie
  6214 | D:6      | Killed from afar by an orc priest

Illustrated notes

Levels and vault maps discovered:
D:1:      mainiacjoe_arrival_reflecting_pool, layout_basic,
          hellmonk_ecumenical_altar_lost_god
D:2:      layout_rooms, minmay_bisected, uniq_jessica
D:3:      layout_basic, chei_slow_surprise, grunt_ministairs_1,
          minmay_misc_feat_diagonals
D:4:      layout_basic, gammafunk_ghost_mausoleum, serial_park_tiny_1
D:5:      nicolae_cairo_tiling_large, layout_basic,
          nicolae_overflow_hallway_of_the_gods, minmay_temple_entry_junction_2,
          serial_shops, nicolae_shop_behind_doors, minmay_shop_damaged,
          uniq_blork_the_orc
D:6:      layout_cave_pools, mainiacjoe_overflow_paths, serial_column_ruins,
          column_ruins_hut_water, column_ruins_circle_medium,
          column_ruins_open_tiny, column_ruins_grid_1, column_ruins_open_tiny,
          column_ruins_corridor_straight, column_ruins_corridor_corner,
          column_ruins_open_medium, uniq_duvessa, uniq_menkaure, uniq_maggie

Skill      XL: |  1  2  3  4  5  6  7  8 |
---------------+-------------------------+-----
Fighting       | 4 5 6 |  6.0
Axes           | 3 4 5 6 8 |  8.7
Dodging        | 1 2 |  2.2
Armour         | 4 5 |  5.6
Shields        | 4 |  4.9
Invocations    | 2 |  2.2

Action                   |  1- 3 |  4- 6 |  7- 9 || total
-------------------------+-------+-------+-------++-------
Melee: War axe           |    51 |   257 |    68 ||   376
Invok: Convert to Beogh  |       |       |     1 ||     1
  Use: Potion            |     1 |       |     4 ||     5
       Scroll            |       |     1 |     9 ||    10
Armor: Scale mail        |    28 |   103 |    38 ||   169
Dodge: Dodged            |    35 |    87 |    33 ||   155
Block: Buckler           |    12 |    35 |    17 ||    64
